[Event "CRO Team Cup 2018"]
[Site "Mali Losinj"]
[Date "2018.05.21"]
[Round "5.19"]
[White "Matanovic, Luka"]
[Black "Filipovic, Marko"]
[Result "1/2-1/2"]
[ECO "B22"]
[WhiteElo "2189"]
[BlackElo "2327"]
[Annotator "ChessBase"]
[PlyCount "97"]
[EventType "team-tourn"]
[EventCountry "CRO"]
[SourceTitle "playchess.com"]
[Source "ChessBase"]
[SourceQuality "1"]
[TimeControl "40/5400+30:1800+30"]

1. e4 c5 2. Nf3 e6 3. c3 Nf6 4. e5 Nd5 5. d4 cxd4 6. cxd4 b6 7. Nbd2 Ba6 8. Bxa6 Nxa6 9. Ne4 Be7 10. O-O O-O 11. a3 Nac7 12. Bg5 h6 13. Bxe7 Qxe7 14. Rc1 Ne8 15. Qa4 f5 16. exf6 Nexf6 17. Nxf6+ Rxf6 18. Ne5 d6 19. Qc6 Rd8 20. Nd3 Rg6 21. g3 Qf6 22. Qb7 Qxd4 23. Rcd1 Qa4 24. Rd2 Rf6 25. Nb4 Nxb4 26. axb4 Rf7 27. Qe4 Qd7 28. Re1 Rf6 29. h4 d5 30. Qd4 Rc8 31. b3 Qc6 32. Re3 Qc1+ 33. Kg2 Rc2 34. Rde2 Rxe2 35. Rxe2 Qb1 36. Qc3 Qd1 37. Ra2 d4 38. Qc8+ Kh7 39. Qb7 Qe1 40. Qxa7 Qxb4 41. Qb7 Qxb3 42. Ra7 Qd5+ 43. Qxd5 exd5 44. Rd7 Rc6 45. Rxd5 Rc4 46. Rb5 Rc6 47. Rd5 Rc4 48. Rb5 Rc6 49. Rd5 1/2-1/2

[Event "CRO Team Cup 2018"]
[Site "Mali Losinj"]
[Date "2018.05.19"]
[Round "5.20"]
[White "Vargic, Drago"]
[Black "Matanovic, Pavo"]
[Result "1-0"]
[ECO "C55"]
[WhiteElo "2283"]
[BlackElo "1839"]
[Annotator "NA"]
[PlyCount "61"]
[EventType "team-tourn"]
[EventCountry "CRO"]
[SourceTitle "playchess.com"]
[Source "ChessBase"]
[SourceQuality "1"]
[TimeControl "40/5400+30:1800+30"]

1. e4 e5 2. Nc3 Nf6 3. Bc4 Nc6 4. Nf3 Nxe4 5. O-O Nxc3 6. dxc3 Be7 7. Qd5 O-O 8. Nxe5 Nxe5 9. Qxe5 d6 10. Qh5 c6 11. Be3 Bf6 12. f4 g6 13. Qf3 Bf5 14. g4 Bxc2 15. Rf2 d5 16. Bxd5 cxd5 17. Rxc2 Re8 18. Rd2 Re4 19. g5 Bg7 20. Rad1 Qe8 21. Bf2 Qa4 22. Rxd5 Rxf4 23. Rd8+ Rxd8 24. Rxd8+ Bf8 25. Qd5 Re4 26. b3 Rg4+ 27. Kf1 Qxa2 28. Rxf8+ Kxf8 29. Bc5+ Kg8 30. Qd8+ Kg7 31. Qf8# 1-0

[Event "CRO Team Cup 2018"]
[Site "Mali Losinj"]
[Date "2018.05.19"]
[Round "5.23"]
[White "Blazeka, Matej"]
[Black "Golubovic, Boris"]
[Result "1/2-1/2"]
[ECO "B17"]
[WhiteElo "2312"]
[BlackElo "2386"]
[Annotator "NA"]
[PlyCount "51"]
[EventType "team-tourn"]
[EventCountry "CRO"]
[SourceTitle "playchess.com"]
[Source "ChessBase"]
[SourceQuality "1"]
[TimeControl "40/5400+30:1800+30"]

1. e4 c6 2. d4 d5 3. Nc3 dxe4 4. Nxe4 Nd7 5. Nf3 Ngf6 6. Ng3 g6 7. Bc4 Bg7 8. O-O O-O 9. Re1 Nb6 10. Bb3 a5 11. a3 a4 12. Ba2 Bg4 13. c3 e6 14. h3 Bxf3 15. Qxf3 Nbd7 16. Bf4 Qb6 17. Re2 c5 18. Rd1 cxd4 19. Rxd4 Nd5 20. Rd1 Nxf4 21. Qxf4 Nc5 22. Qb4 Qc7 23. Ne4 b6 24. Red2 Rfd8 25. Nxc5 Rxd2 26. Rxd2 1/2-1/2

[Event "CRO Team Cup 2018"]
[Site "Mali Losinj"]
[Date "2018.05.19"]
[Round "5.24"]
[White "Petrov, Jole"]
[Black "Brumen, Dinko"]
[Result "1/2-1/2"]
[ECO "E14"]
[WhiteElo "2408"]
[BlackElo "2319"]
[Annotator "NA"]
[PlyCount "77"]
[EventType "team-tourn"]
[EventCountry "CRO"]
[SourceTitle "playchess.com"]
[Source "ChessBase"]
[SourceQuality "1"]
[TimeControl "40/5400+30:1800+30"]

1. Nf3 Nf6 2. d4 e6 3. c4 d5 4. e3 Be7 5. b3 O-O 6. Bb2 b6 7. Bd3 Bb7 8. O-O c5 9. Nbd2 Ne4 {[%emt 0:04:30] E14: Queen's Indian: Classical Variation (4 e3)} (9... Nbd7 10. Qe2 Ne4 11. Rfd1 Qc7 12. cxd5 exd5 13. Rac1 Bf6 14. Nf1 Rac8 15. Ng3 g6 16. Bb5 Bc6 17. Bxc6 Qxc6 18. dxc5 Nxg3 19. hxg3 bxc5 20. Bxf6 Nxf6 {½-½ (57) Short,N (2664)-Ganguly,S (2603) Kolkata 2015}) 10. cxd5 $146 ({Predecessor:} 10. Qc2 f5 11. Rad1 Nc6 12. a3 Rc8 13. Ne5 Nxe5 14. dxe5 Qe8 15. f3 Nxd2 16. Rxd2 Qh5 17. f4 {1-0 (44) Marusenko,P (2214)-Gamble,R (1914) Hastings 2017}) 10... exd5 11. dxc5 bxc5 12. Qc2 f5 13. Rfd1 Qe8 14. Rac1 Nc6 15. a3 Rc8 16. Nf1 Bf6 17. Ng3 Ne5 18. Nxe5 Bxe5 19. Bxe5 Qxe5 20. f4 Qe7 21. Bxe4 fxe4 22. Qb2 Rb8 23. Qc3 Ba8 24. Rb1 $11 Rb6 25. b4 Rfb8 26. Rdc1 d4 (26... c4 $11) 27. Qxc5 Qxc5 28. Rxc5 d3 29. Rbc1 Rd8 30. Nf1 Ra6 31. Nd2 Rxa3 32. Rc8 Rxc8 33. Rxc8+ Kf7 34. Rxa8 Ra1+ 35. Kf2 Ra2 36. Ke1 Ra1+ 37. Kf2 Ra2 38. Kg3 Rxd2 39. Rxa7+ 1/2-1/2

[Event "CRO Team Cup 2018"]
[Site "Mali Losinj"]
[Date "2018.05.20"]
[Round "6.12"]
[White "Bobanac, Miro"]
[Black "Petrov, Jole"]
[Result "1/2-1/2"]
[ECO "A12"]
[WhiteElo "2276"]
[BlackElo "2408"]
[Annotator "ChessBase"]
[PlyCount "127"]
[EventType "team-tourn"]
[EventCountry "CRO"]
[SourceTitle "playchess.com"]
[Source "ChessBase"]
[SourceQuality "1"]
[TimeControl "40/5400+30:1800+30"]

1. c4 c6 2. Nf3 d5 3. e3 Nf6 4. b3 Bf5 5. Bb2 e6 6. Be2 h6 7. O-O Nbd7 8. d4 Be7 9. Nbd2 O-O 10. Ne5 Nxe5 11. dxe5 Nd7 12. f4 f6 13. Nf3 fxe5 14. Nxe5 Nxe5 15. Bxe5 Bf6 16. Qd4 Bxe5 17. Qxe5 Qf6 18. Qxf6 gxf6 19. Rfd1 Rfd8 20. Bf3 Kf7 21. Kf2 Ke7 22. Ke2 dxc4 23. bxc4 e5 24. a3 e4 25. Bh5 Be6 26. c5 b6 27. Rxd8 Rxd8 28. Rd1 Rg8 29. g3 bxc5 30. Rb1 Bc4+ 31. Ke1 Ba6 32. Be2 Bxe2 33. Rb7+ Ke6 34. Kxe2 f5 35. Rh7 Rb8 36. Rxh6+ Kd5 37. h3 Rb2+ 38. Kd1 Kc4 39. g4 Kd3 40. Kc1 Rc2+ 41. Kb1 Rf2 42. gxf5 Kxe3 43. Rxc6 Rxf4 44. Rxc5 Kf3 45. Kc1 e3 46. Re5 e2 47. Kd2 Rd4+ 48. Kc3 Rd1 49. f6 e1=Q+ 50. Rxe1 Rxe1 51. f7 Rc1+ 52. Kd4 Rc8 53. Ke5 Kg3 54. Ke6 Kxh3 55. Ke7 Kg4 56. f8=Q Rxf8 57. Kxf8 Kf5 58. Ke7 Ke5 59. Kd7 Kd5 60. Kc7 Kc5 61. Kb7 Kc4 62. Kc7 a5 63. Kb7 a4 64. Ka6 1/2-1/2

[Event "CRO Team Cup 2018"]
[Site "Mali Losinj"]
[Date "2018.05.20"]
[Round "6.15"]
[White "Djurovic, Goran"]
[Black "Trbojevic, Mladen"]
[Result "1-0"]
[ECO "A00"]
[WhiteElo "2394"]
[BlackElo "2343"]
[Annotator "NA"]
[PlyCount "119"]
[EventType "team-tourn"]
[EventCountry "CRO"]
[SourceTitle "playchess.com"]
[Source "ChessBase"]
[SourceQuality "1"]
[TimeControl "40/5400+30:1800+30"]

1. g3 Nf6 2. Bg2 d5 3. d3 e5 4. Nf3 Bd6 5. O-O O-O 6. c4 dxc4 {[%emt 0:00:30] A00: Irregular Openings} (6... c6 7. Bg5 dxc4 8. dxc4 h6 9. Bc1 Qe7 10. Nc3 Rd8 11. Qc2 e4 12. Nd4 Bxg3 13. hxg3 Rxd4 14. Be3 Rxc4 {0-1 (60) Fridman,D (2633)-Fedorchuk,S (2648) Katowice 2017}) 7. dxc4 c6 8. Nc3 Qc7 9. Qc2 h6 10. a3 $146 ({Predecessor:} 10. Nh4 Re8 11. h3 {0-1 (28) Wajih,N (2242)-Priyadharshan,K (2362) New Delhi 2010}) 10... a5 11. Na4 Na6 12. c5 Be7 13. Rb1 Bg4 14. h3 Be6 15. e4 Nd7 16. Be3 Rad8 17. b4 axb4 18. axb4 Kh8 19. Nd2 f5 20. exf5 Bxf5 21. Ne4 Nf6 22. g4 Bh7 23. b5 cxb5 24. Rxb5 Qc6 25. Nac3 Nxc5 26. Nxc5 Bxc2 27. Bxc6 bxc6 28. Rb6 Rc8 29. Rb2 Bg6 30. Rd1 Rfd8 31. Rxd8+ Rxd8 32. Rb7 Bxc5 33. Bxc5 Rd3 34. Ne2 Kg8 35. Rb8+ Kf7 36. Rb7+ Nd7 37. Nd4 Rd1+ 38. Kh2 Ke8 39. Ne6 Nxc5 40. Nxc5 Bf7 41. Rc7 g5 42. Rc8+ Ke7 43. Rc7+ Kf8 44. Nd7+ Ke8 45. Nf6+ Kf8 46. Rxc6 Ke7 47. Rb6 Re1 48. f3 Re3 49. Kg2 Re2+ 50. Kg1 Re3 51. Ne4 Rxf3 52. Rxh6 Bd5 53. Rh7+ Kf8 (53... Kd8 $11 54. Nxg5 Ra3) 54. Nxg5 Rg3+ 55. Kf2 Rg2+ 56. Kf1 Rd2 $14 57. Rc7 e4 58. Nh7+ Ke8 59. Nf6+ Kd8 60. Rd7+ 1-0

[Event "CRO Team Cup 2018"]
[Site "Mali Losinj"]
[Date "2018.05.20"]
[Round "6.16"]
[White "Horvat, David"]
[Black "Bukal, Vladimir Jr"]
[Result "1/2-1/2"]
[ECO "C19"]
[WhiteElo "2191"]
[BlackElo "2388"]
[Annotator "NA"]
[PlyCount "41"]
[EventType "team-tourn"]
[EventCountry "CRO"]
[SourceTitle "playchess.com"]
[Source "ChessBase"]
[SourceQuality "1"]
[TimeControl "40/5400+30:1800+30"]

1. e4 e6 2. d4 d5 3. Nc3 Bb4 4. e5 Ne7 5. a3 Bxc3+ 6. bxc3 c5 7. Nf3 Qc7 8. Bf4 b6 9. Bb5+ Bd7 10. Bd3 c4 11. Be2 Ba4 12. h4 h6 13. h5 Nbc6 14. Nd2 O-O-O 15. Bg4 Qd7 16. Nf1 $11 Kb7 17. Ne3 Qe8 18. Bg3 Qg8 19. Bh4 Rf8 20. f4 f6 21. O-O 1/2-1/2

[Event "CRO Team Cup 2018"]
[Site "Mali Losinj"]
[Date "2018.05.20"]
[Round "6.19"]
[White "Filipovic, Marko"]
[Black "Susnjar, Miroslav"]
[Result "*"]
[ECO "A65"]
[WhiteElo "2327"]
[BlackElo "2154"]
[Annotator "NA"]
[PlyCount "90"]
[EventType "team-tourn"]
[EventCountry "CRO"]
[SourceTitle "playchess.com"]
[Source "ChessBase"]
[SourceQuality "1"]
[TimeControl "40/5400+30:1800+30"]

1. d4 Nf6 2. c4 c5 3. d5 d6 4. Nc3 g6 5. e4 Bg7 6. f3 O-O 7. Bg5 h6 8. Be3 e6 9. Qd2 exd5 10. cxd5 h5 {[%emt 0:18:30] LiveBook: 126 Games} 11. Bh6 {[%emt 0:17:30] A65: Modern Benoni: 6 e4} (11. a4 a6 12. a5 b5 13. axb6 Qxb6 14. Bd3 Re8 15. Nge2 Nbd7 16. O-O Qb7 17. Ra5 Ne5 18. Rfa1 Nxd3 19. Qxd3 {0-1 (32) Javanbakht,N (2436)-Firouzja,A (2558) Bushehr 2018}) 11... Nbd7 12. Nh3 $146 ({Predecessor:} 12. Bxg7 Kxg7 13. Nh3 a6 14. a4 Re8 15. Be2 Rb8 16. Nf2 Ne5 17. O-O Nh7 18. Rfb1 g5 {½-½ (50) Panteleev,D-Marholev,D (2270) Sofia 1992}) 12... Ne5 (12... Bxh6 $14 13. Qxh6 Nh7) 13. Nf2 a6 14. a4 Qa5 15. Bxg7 Kxg7 16. Ra3 Qd8 (16... Qb4 $11 {keeps the balance.}) 17. Be2 Rb8 18. O-O Qe7 19. h3 Re8 20. Nfd1 Ned7 21. Ne3 b6 22. Rb1 Ne5 23. b4 Qc7 24. Rab3 c4 25. Ra3 b5 26. axb5 axb5 27. Ra5 Bd7 28. f4 Nd3 29. Bxd3 cxd3 30. Qxd3 Qb6 31. Re1 Re7 32. Kh2 Rbe8 33. Ned1 Bf5 34. Rxb5 Qa7 35. Ra5 Qb6 36. Rb5 Qa7 37. Qe3 Qxe3 38. Rxe3 Bxe4 39. Rb6 Bxd5 40. Rxe7 Rxe7 41. Rxd6 Bb7 42. Rd4 h4 43. f5 g5 44. Nf2 $11 Re5 45. Ng4 Rxf5 *